AoeStats
← NonlyZorg

Arena

508341305Analyzed
4v4 RM · 10d ago on Sep 22, 2026· 50m 59s· 8 players
Game mode
Random Map
Map size
Large (8 player)
Population
200
Speed
Normal
Resources
Standard
Victory
Conquest
Starting age
Dark Age
Ending age
Imperial Age
RankedLock teamsTeams togetherTeam positionsShared explorationLock speedFull tech treeHidden civsTurbo modeCheats
Victory
Defeat
🇳🇿 Italians · New Zealand
1096
+15
🇺🇸 Celts · United States
1047
+17
🇨🇳 Britons · China
1034
+17
🇹🇼 Franks · Taiwan
1009
+18
🇦🇷 Romans · Argentina
1150
-20
🇦🇷 Cumans · Argentina
1114
-19
🇦🇷 Persians · Argentina
1018
-15
🇲🇽 Saracens · Mexico
974
-13
RRORRO
5:23 Loom
9:42 Feudal Age
11:07 Wheelbarrow
11:15 Double-Bit Axe
17:30 Castle Age
16:00 Horse Collar
19:48 Bow Saw
22:34 Heavy Plow
22:34 Stone Mining
22:35 Gold Mining
27:35 Husbandry
28:06 Town Watch
28:42 Hand Cart
30:13 Bloodlines
30:40 Scale Barding Armor
30:46 Forging
32:53 Iron Casting
32:38 Chain Barding Armor
31:42 Light Cavalry
35:13 Imperial Age
33:54 Gold Shaft Mining
35:10 Fletching
35:21 Padded Archer Armor
36:15 Conscription
35:40 Hussar
36:55 Elite Skirmisher
38:53 Two-Man Saw
38:23 Elite Mameluke
40:21 Blast Furnace
40:54 Plate Barding Armor
40:17 Bodkin Arrow
40:37 Leather Archer Armor
48:27 Bracer
48:57 Ring Archer Armor
48:52 Ballistics
49:32 Chemistry
poteytor123
7:14 Loom
9:25 Feudal Age
10:02 Double-Bit Axe
10:07 Horse Collar
21:49 Castle Age
23:48 Stone Mining
23:49 Gold Mining
25:52 Bow Saw
27:33 Wheelbarrow
26:58 Town Watch
28:54 Hand Cart
29:04 Scale Barding Armor
29:10 Forging
29:04 Town Patrol
32:10 Imperial Age
30:47 Gold Shaft Mining
31:39 Chain Barding Armor
31:54 Iron Casting
31:35 Bloodlines
32:24 Cavalier
33:56 Plate Barding Armor
34:17 Conscription
35:02 Blast Furnace
34:04 Paladin
35:06 Heavy Plow
36:16 Chemistry
Gualde GR
0:43 Loom
11:31 Feudal Age
12:43 Wheelbarrow
12:14 Horse Collar
12:44 Double-Bit Axe
21:32 Castle Age
19:37 Stone Mining
19:49 Gold Mining
22:56 Hand Cart
22:54 Bow Saw
22:47 Heavy Plow
26:16 Stone Shaft Mining
26:17 Gold Shaft Mining
28:13 Husbandry
28:24 Bloodlines
28:22 Scale Barding Armor
28:18 Scale Mail Armor
28:28 Forging
31:36 Pikeman
32:17 Squires
32:24 Kamandaran
36:20 Imperial Age
34:37 Padded Archer Armor
34:28 Fletching
35:14 Iron Casting
35:00 Chain Barding Armor
34:56 Chain Mail Armor
35:52 Leather Archer Armor
37:00 Cavalier
37:16 Elite Skirmisher
39:52 Cavalier
41:13 Leather Archer Armor
40:54 Bodkin Arrow
41:59 Blast Furnace
42:28 Plate Barding Armor
43:03 Ballistics
43:43 Chemistry
42:35 Halberdier
44:32 Ring Archer Armor
43:59 Savar
Beto Casela
11:34 Feudal Age
15:19 Castle Age
13:39 Double-Bit Axe
21:53 Wheelbarrow
21:06 Loom
21:07 Town Watch
21:20 Horse Collar
22:52 Scale Barding Armor
23:00 Bloodlines
23:53 Heavy Plow
25:19 Bow Saw
26:19 Hand Cart
31:39 Imperial Age
28:43 Pikeman
29:26 Scale Mail Armor
29:37 Forging
29:48 Chain Barding Armor
28:51 Man-at-Arms
29:32 Squires
30:12 Long Swordsman
31:10 Chain Mail Armor
32:15 Husbandry
31:55 Legionary
33:56 Heavy Scorpion
35:03 Town Patrol
35:58 Gold Mining
38:05 Siege Engineers
38:21 Halberdier
39:41 Iron Casting
NonlyZorg
11:29 Feudal Age
11:08 Loom
15:26 Castle Age
13:43 Double-Bit Axe
14:44 Horse Collar
16:04 Wheelbarrow
17:18 Bow Saw
21:38 Hand Cart
22:55 Heavy Plow
24:15 Gold Mining
28:19 Imperial Age
26:35 Fortified Wall
26:19 Stone Mining
27:08 Forging
26:58 Scale Mail Armor
27:27 Pikeman
28:29 Treadmill Crane
28:25 Halberdier
29:10 Padded Archer Armor
28:44 Capped Ram
29:26 Town Watch
29:48 Man-at-Arms
29:51 Elite Skirmisher
29:53 Siege Ram
29:56 Light Cavalry
30:36 Husbandry
30:24 Gambesons
30:26 Arson
30:58 Chain Mail Armor
31:20 Town Patrol
32:08 Gold Shaft Mining
32:14 Conscription
32:17 Furor Celtica
32:46 Hoardings
33:21 Leather Archer Armor
33:36 Plate Mail Armor
33:42 Iron Casting
32:57 Hussar
33:21 Long Swordsman
34:05 Two-Handed Swordsman
35:07 Siege Engineers
35:05 Fletching
35:51 Iron Casting
35:53 Ring Archer Armor
36:32 Stronghold
37:24 Ballistics
38:05 Chemistry
37:15 Masonry
37:02 Champion
37:51 Cavalier
39:08 Bodkin Arrow
40:17 Blast Furnace
38:56 Paladin
40:36 Scale Barding Armor
40:33 Murder Holes
40:12 Sappers
42:25 Chain Barding Armor
46:19 Arrowslits
49:58 Stone Shaft Mining
49:21 Guard Tower
MaxC
3:01 Loom
11:10 Feudal Age
16:29 Castle Age
16:02 Scale Barding Armor
16:43 Forging
16:59 Double-Bit Axe
18:45 Bow Saw
20:22 Wheelbarrow
20:28 Fervor
20:41 Gold Mining
21:41 Husbandry
21:50 Stone Mining
22:44 Gold Shaft Mining
24:42 Chain Barding Armor
24:58 Iron Casting
31:08 Imperial Age
28:55 Hand Cart
32:31 Conscription
31:35 Cavalier
32:55 Plate Barding Armor
33:21 Blast Furnace
33:48 Chemistry
33:08 Ballistics
33:01 Scale Mail Armor
32:52 Fletching
34:09 Paladin
37:05 Chain Mail Armor
38:19 Plate Mail Armor
37:55 Chivalry
41:04 Padded Archer Armor
41:00 Bodkin Arrow
41:15 Siege Engineers
SamTheSlayer
2:08 Loom
7:44 Loom
14:12 Feudal Age
18:38 Castle Age
17:12 Horse Collar
18:34 Double-Bit Axe
19:26 Heavy Plow
19:37 Bow Saw
19:53 Stone Mining
19:53 Gold Mining
24:35 Wheelbarrow
23:54 Town Watch
28:26 Hand Cart
29:29 Padded Archer Armor
29:20 Fletching
30:31 Leather Archer Armor
34:18 Imperial Age
32:35 Town Patrol
32:40 Bodkin Arrow
33:08 Ballistics
36:05 Chemistry
35:01 Murder Holes
34:46 Treadmill Crane
35:17 Masonry
35:42 Ring Archer Armor
35:12 Bracer
35:25 Pirotechnia
35:35 Conscription
35:36 Silk Road
36:23 Two-Man Saw
36:18 Thumb Ring
36:16 Scale Mail Armor
36:27 Forging
36:32 Arson
36:48 Squires
36:08 Pikeman
40:30 Chain Mail Armor
40:51 Iron Casting
44:47 Stone Shaft Mining
46:45 Hoardings
Im Noob
7:25 Loom
9:10 Feudal Age
14:38 Castle Age
19:39 Wheelbarrow
23:32 Horse Collar
25:35 Double-Bit Axe
28:15 Hand Cart
28:05 Heavy Plow
32:15 Imperial Age
29:46 Fletching
29:56 Padded Archer Armor
29:57 Scale Mail Armor
30:24 Bow Saw
30:41 Ballistics
30:17 Murder Holes
30:03 Treadmill Crane
30:52 Ballistics
30:28 Murder Holes
31:25 Loom
31:48 Bodkin Arrow
32:08 Leather Archer Armor
32:09 Chain Mail Armor
32:10 Crossbowman
33:20 Conscription
33:21 Yeomen
34:16 Two-Man Saw
33:07 Arbalester
34:06 Bracer
34:37 Ring Archer Armor
34:26 Squires
33:46 Pikeman
34:12 Arson
36:05 Chemistry
34:43 Halberdier
35:37 Forging
35:58 Plate Mail Armor
36:28 Siege Engineers
36:34 Fortified Wall
38:59 Iron Casting
40:44 Guilds
40:42 Warwolf
50:41 Blast Furnace
Connection lost

Rejoining the realm…

Still unreachable

The connection could not be restored.

Session expired

The server has moved on; the page needs a fresh start.